 Dungeon Crawl Stone Soup version 0.19-a0-628-g9200b3b (webtiles) character file.

1190 Ijustatesigmund the Slicer (level 8, -1/54 HPs)
             Began as a Halfling Hunter on June 11, 2016.
             Slain by a wight
             ... wielding a +2 long sword
              (10 damage)
             ... on level 6 of the Dungeon on June 13, 2016.
             The game lasted 00:18:49 (5661 turns).

Ijustatesigmund the Slicer (Halfling Hunter)        Turns: 5661, Time: 00:18:49

Health: -1/54      AC:  6    Str: 12    XL:     8   Next: 71%
Magic:  8/8        EV: 13    Int: 10    God:
Gold:   168        SH:  7    Dex: 17    Spells: 0 memorised, 7 levels left

rFire  + . .     SeeInvis .     b - +1 short sword
rCold  . . .     Gourm    .     g - +0 ring mail
rNeg   . . .     Faith    .     m - +1 buckler
rPois  +         Spirit   .     (no helmet)
rElec  .         Dismiss  +     (no cloak)
rCorr  .         Reflect  .     (no gloves)
SustAt .         Harm     .     (no boots)
MR     .....                    o - amulet of dismissal
Stlth  +.........               j - ring of poison resistance (curse)
                                n - ring of protection from fire

@: very slightly contaminated, drained, not resistant to hostile enchantments,
very unstealthy
A: mutation resistance 1
a: no special abilities


You were on level 6 of the Dungeon.
You were hungry.

You visited 1 branch of the dungeon, and saw 7 of its levels.

You collected 168 gold pieces.

Inventory:

Hand Weapons
 a - a +1 hunting sling
 b - a +1 short sword (weapon)
Missiles
 d - 28 sling bullets
 e - 106 stones (quivered)
Armour
 g - a +0 ring mail (worn)
 m - a +1 buckler (worn)
Jewellery
 j - a cursed ring of poison resistance (right hand)
 k - an uncursed ring of magical power
 n - a ring of protection from fire (left hand)
 o - an amulet of dismissal (around neck)
 s - an uncursed ring of wizardry
 v - an uncursed ring of flight
Scrolls
 u - a scroll of enchant armour
 x - a scroll of amnesia
Potions
 h - a potion of agility {unknown}
 l - a potion of haste
 p - a potion of invisibility
 r - a potion of brilliance {unknown}
 A - a potion of might
Books
 c - a book of Debilitation

   Spells                             Type                      Level
   a - Corona                         Hexes                        1
   b - Slow                           Hexes                        2
   c - Gell's Gravitas                Hexes/Translocation          3
   d - Inner Flame                    Hexes/Fire                   3
   e - Cause Fear                     Hexes                        4
   f - Leda's Liquefaction            Hexes/Earth                  4
Comestibles
 f - 3 bread rations
 i - 2 beef jerkies
 t - a meat ration


   Skills:
 + Level 4.6(4.4) Fighting
 + Level 8.4(8.1) Short Blades
 - Level 5.8(5.5) Slings
 + Level 4.7(4.5) Armour
 - Level 2.1(1.9) Dodging
 - Level 1.1(0.8) Stealth
 - Level 3.0(2.8) Shields


You had 7 spell levels left.
You didn't know any spells.

Dungeon Overview and Level Annotations

Branches:
Dungeon (7/15)             Temple (0/1) D:6

Altars:
Gozag
Makhleb
Nemelex Xobeh
Sif Muna
Trog
Vehumet
Zin
The Shining One

Shops:
D:2 *

Annotations:
D:7 Prince Ribbit


Innate Abilities, Weirdness & Mutations

You are small and have problems with some larger weapons.
You are somewhat resistant to further mutation.


Message History

You hit the wight.
The wight is almost destroyed.
You completely miss the wight.
The wight is almost destroyed.
You block the wight's attack.
You hit the wight but do no damage.
The wight is severely damaged.
The wight hits you with an enchanted long sword.
* * * LOW HITPOINT WARNING * * *
You hit the wight but do no damage.
The wight is severely damaged.
You hit the wight but do no damage.
The wight is severely damaged.
You block the wight's attack.
You hit the wight but do no damage.
The wight is severely damaged.
You closely miss the wight.
The wight is severely damaged.
The wight hits you with an enchanted long sword!
You die...

### #@# #z# #(#
##(### #....###
##.(....##
#...)....##
#..((.....## #
#..........########.


You could see a wight.

Vanquished Creatures
  An orc warrior (D:6)
  An ogre (D:4)
  A phantom (D:6)
  Blork the orc (D:6)
  A giant frog (D:6)
  A wyvern skeleton (D:6)
  A scorpion (D:4)
  A howler monkey (D:6)
  A crimson imp (D:5)
  2 hounds
  A jelly (D:6)
  A gnoll shaman (D:5)
  4 orc wizards
  Natasha (twice) (D:2)
  4 worker ants
  The ghost of Amnesiac the Gusty, a weakling HEAE (D:3)
  Robin (D:2)
  2 gnolls (D:5)
  8 adders
  2 shadow imps (D:5)
  4 worms
  A dart slug (D:1)
  5 giant geckos
  10 orcs
  2 giant cockroaches
  11 goblins
  6 hobgoblins
  17 jackals
  2 quokkas (D:4)
  7 bats
  8 giant newts
  7 kobolds
  A quokka zombie (D:6)
  5 rats
123 creatures vanquished.

Notes
Turn   | Place    | Note
--------------------------------------------------------------
     0 | D:1      | Ijustatesigmund the Halfling Hunter began the quest for the Orb.
     0 | D:1      | Reached XP level 1. HP: 14/14 MP: 1/1
    50 | D:1      | Reached skill level 1 in Short Blades
   128 | D:1      | Reached skill level 2 in Short Blades
   128 | D:1      | Reached XP level 2. HP: 19/19 MP: 2/2
   257 | D:1      | Reached skill level 3 in Short Blades
   262 | D:1      | Reached XP level 3. HP: 23/24 MP: 3/3
   805 | D:2      | Found Gozag's Platinum Reserve.
   884 | D:2      | Noticed Natasha
   890 | D:2      | Killed Natasha
   890 | D:2      | Reached skill level 4 in Short Blades
   890 | D:2      | Reached skill level 1 in Shields
   890 | D:2      | Reached XP level 4. HP: 29/29 MP: 4/4
  1180 | D:2      | Noticed Robin
  1210 | D:2      | Killed Robin
  1264 | D:2      | Reached XP level 5. HP: 34/34 MP: 5/5
  1322 | D:2      | Reached skill level 5 in Short Blades
  1487 | D:2      | Found an opulent altar of Gozag.
  1774 | D:2      | Noticed Natasha
  1790 | D:2      | Killed Natasha
  1794 | D:2      | Found a deep blue altar of Sif Muna.
  2161 | D:3      | Found an opulent altar of Gozag.
  2161 | D:3      | Found a glowing silver altar of Zin.
  2234 | D:3      | Noticed Amnesiac's ghost (weakling HEAE)
  2249 | D:3      | Killed Amnesiac's ghost
  2249 | D:3      | Reached XP level 6. HP: 21/39 MP: 6/6
  2656 | D:3      | Found a glowing golden altar of the Shining One.
  3016 | D:4      | Reached skill level 6 in Short Blades
  3202 | D:4      | Noticed an ogre
  3215 | D:4      | Killed an ogre
  3215 | D:4      | Reached skill level 1 in Armour
  3215 | D:4      | Reached XP level 7. HP: 37/45 MP: 7/7
  3847 | D:4      | Upgraded the game from 0.19-a0-599-g723c685 to 0.19-a0-628-g9200b3b
  4224 | D:5      | Entered Level 5 of the Dungeon
  4235 | D:5      | Reached skill level 7 in Short Blades
  4478 | D:5      | Found a burning altar of Makhleb.
  4479 | D:5      | Found a radiant altar of Vehumet.
  4656 | D:6      | Noticed Blork the orc
  4709 | D:6      | Reached XP level 8. HP: 34/54 MP: 8/8
  4931 | D:6      | Found a bloodstained altar of Trog.
  5182 | D:7      | Noticed Prince Ribbit
  5201 | D:6      | Killed Blork the orc
  5205 | D:6      | Reached skill level 8 in Short Blades
  5224 | D:6      | Found a staircase to the Ecumenical Temple.
  5434 | D:6      | Found a sparkling altar of Nemelex Xobeh.
  5661 | D:6      | Slain by a wight

Vault maps used:
D:1:      dpeg_arrival_arbitrary_a, minmay_misc_feat_secret_circle,
          minivault_25, minmay_circled_x
D:2:      led_sif_pool, nicolae_gozag_zags_fifth_avenue, uniq_robin,
          uniq_natasha
D:3:      grunt_temple_overflow_gold_and_silver, old_standard_altar
D:4:      nicolae_overflow_hidden_temple
D:5:      grunt_temple_overflow_lords_of_destruction, first_bread,
          columned_hall_lemuel
D:6:      nicolae_ru_the_path_less_chosen, kennysheep_mini,
          minmay_temple_entry_butterflies, nemelex_lonely_heart_becter,
          uniq_blork_the_orc, uniq_eustachio
D:7:      minitemple, uniq_prince_ribbit1

Skill      XL: |  1  2  3  4  5  6  7  8 |
---------------+-------------------------+-----
Short Blades   | 2 3 4 5 6 7 8 |  8.4
Shields        | 1 2 3 |  3.0
Fighting       | 2 3 4 |  4.6
Armour         | 1 3 4 |  4.7
Slings         | |  5.8
Dodging        | |  2.1
Stealth        | |  1.1

Action                   |  1- 3 |  4- 6 |  7- 9 || total
-------------------------+-------+-------+-------++-------
Melee: Short sword       |     2 |   231 |   316 ||   549
 Fire: Hunting sling     |   100 |    34 |    66 ||   200
  Use: Scroll            |     3 |     9 |    11 ||    23
       Potion            |       |     2 |     9 ||    11
 Stab: Sleeping          |       |     1 |       ||     1
  Eat: Chunk             |       |     6 |     4 ||    10
       Fruit             |       |       |     2 ||     2
       Pizza             |       |       |     2 ||     2
       Beef jerky        |       |       |     1 ||     1
Armor: Ring mail         |     4 |    32 |    53 ||    89
Dodge: Dodged            |    32 |   103 |   105 ||   240
Block: Buckler           |     5 |    52 |    79 ||   136
